 Dungeon Crawl Stone Soup version 0.21-a0-529-g8c7b3f5 (webtiles) character file.

14 Amnesiac the Grave Robber (level 2, -3/16 HPs)
             Began as a Deep Elf Necromancer on Dec 9, 2017.
             Slain by a hound (4 damage)
             ... on level 4 of the Dungeon on Dec 10, 2017.
             The game lasted 00:01:08 (517 turns).

Amnesiac the Grave Robber (Deep Elf Necromancer)     Turns: 517, Time: 00:01:10

Health: -3/16      AC:  2    Str:  5    XL:     2   Next: 27%
Magic:  6/8        EV: 13    Int: 19    God:
Gold:   51         SH:  0    Dex: 15    Spells: 6/7 levels left

rFire    . . .     SeeInvis .   j - +0 hunting sling
rCold    . . .     Gourm    .   (no shield)
rNeg     . . .     Faith    .   a - +0 robe
rPois    .         Spirit   .   (no helmet)
rElec    .         Reflect  .   (no cloak)
rCorr    .         Harm     .   (no gloves)
MR       .....                  (no boots)
Stlth    ++........             (no amulet)
HPRegen  0.05/turn              (no ring)
MPRegen  0.11/turn              (no ring)

@: no status effects
A: no striking features
a: no special abilities


You were on level 4 of the Dungeon.
You were not hungry.

You visited 1 branch of the dungeon, and saw 4 of its levels.

You collected 51 gold pieces.

Inventory:

Hand Weapons
 h - a +0 spear of freezing
 j - a +0 hunting sling (weapon)
Missiles
 k - 17 stones (quivered)
Armour
 a - a +0 robe (worn)
Scrolls
 d - a scroll of remove curse {!r, unknown}
 e - a scroll of immolation {!r, unknown}
 f - a scroll of magic mapping {!r, unknown}
 g - 2 scrolls of identify {!r, unknown}
Potions
 i - a potion of magic {!q, unknown}
 l - a potion of invisibility {!q, unknown}
Books
 b - a book of Necromancy

   Spells                             Type                      Level
   a - Pain                           Necromancy                   1
   b - Animate Skeleton               Necromancy                   1
   c - Vampiric Draining              Necromancy                   3
   d - Regeneration                   Charms/Necromancy            3
   e - Animate Dead                   Necromancy                   4
   f - Control Undead                 Necromancy                   4
Comestibles
 c - 2 bread rations


   Skills:
 + Level 1.6 Fighting
 - Level 2.4 Dodging
 - Level 2.4 Stealth
 - Level 3.0 Spellcasting
 - Level 4.8 Necromancy


You had 6 spell levels left.
You knew the following spells:

 Your Spells              Type           Power        Failure   Level  Hunger
a - Pain                  Necr           ###.         1%          1    None


Dungeon Overview and Level Annotations

Branches:
Dungeon (4/15)
 Temple: D:4-7

Altars:

Annotations:
D:3 exclusion: downstairs


Message History

Wield which item (- for none, * to show all)? (? for menu, Esc to quit)
Your +0 spear of freezing stops glowing.
j - a +0 hunting sling (weapon)
Search for what [? for help]? sli Unknown command.
There is a stone staircase leading down here.
You start resting.
HP restored.
You start resting.
HP restored.
You climb downwards.
A hound comes into view.
Found a ring mail and a scroll labeled ZELAILEISH.
There is a stone staircase leading up here.
The hound bites you.
You climb upwards.
There is a stone staircase leading down here.
A rat comes into view.
A rat is nearby!
Casting: Pain
Confirm with . or Enter, or press ? or * to list all spells.
Aiming: Pain
Press: ? - help, Shift-Dir - straight line, f - rat
Aim: a rat (resting, chance to defeat MR: 91%)
The rat writhes in agony!
You kill the rat!
Casting: Pain
Confirm with . or Enter, or press ? or * to list all spells.
You can't see any susceptible monsters within range! (Use Z to cast anyway.)
Casting: Pain
Confirm with . or Enter, or press ? or * to list all spells.
You can't see any susceptible monsters within range! (Use Z to cast anyway.) Magic restored.
Found an escape hatch in the floor.
HP restored.
l - a sedimented dark potion {!q}
Found a scroll labeled VEUHUI CYINKUPH.
There is an escape hatch in the floor here.
You slide downwards.
The hatch slams shut behind you.
An ogre comes into view. It is wielding a giant club.
Found 10 gold pieces and a cyan potion.
The ogre shouts!
The hound bites you. x2
* * * LOW HITPOINT WARNING * * *
Casting: Pain
Confirm with . or Enter, or press ? or * to list all spells.
Aiming: Pain
Press: ? - help, Shift-Dir - straight line, f - hound
Aim: a hound (chance to defeat MR: 86%)
The hound writhes in agony!
The hound barely misses you.
Casting: Pain
Confirm with . or Enter, or press ? or * to list all spells.
Aiming: Pain
Press: ? - help, Shift-Dir - straight line, f/p - hound
Aim: a hound (moderately wounded, chance to defeat MR: 86%)
The hound writhes in agony!
The hound bites you.
* * * LOW HITPOINT WARNING * * *
The hound bites you.
* * * LOW HITPOINT WARNING * * *
Found a stone staircase leading up.
Unknown command.
Okay, then.
The hound bites you.
You die...

.. ..# .. #... #.#
....### #.# .......
##.#
##.....###..#######.. #
.............@....<....
............h######....
#..[..<....O....##....
..............##.#...#
##...?...............#
######..######......###
#..##.............
#..##.............
#..##......$......


You could see an ogre and a hound.

Vanquished Creatures
  2 dart slugs (D:1)
  An orc (D:3)
  A giant cockroach (D:1)
  A goblin (D:3)
  A kobold (D:3)
  A bat (D:1)
  A frilled lizard (D:1)
  A rat (D:3)
9 creatures vanquished.

Notes
Turn   | Place    | Note
-------+----------+-------------------------------------------
     0 | D:1      | Amnesiac the Deep Elf Necromancer began the quest for the Orb.
     0 | D:1      | Reached XP level 1. HP: 10/10 MP: 6/6
   109 | D:1      | Reached skill level 1 in Fighting
   114 | D:1      | Reached XP level 2. HP: 9/16 MP: 2/8
   506 | D:4      | Noticed an ogre
   517 | D:4      | Slain by a hound

Vault maps used:
D:1:      dpeg_arrival_court
D:2:      chequers_ecumenical_altar_simple, uniq_jessica, uniq_terence
D:3:      first_bread, supply_closet_lemuel, uniq_crazy_yiuf_cottage
D:4:      vehumet_crystals

Skill      XL: |  1 |
---------------+----+-----
Fighting       | 1 |  1.6
Dodging        | |  2.4
Stealth        | |  2.4
Spellcasting   | |  3.0
Necromancy     | |  4.8

Action                   || total
-------------------------++-------
 Cast: Pain              ||    17
Dodge: Dodged            ||     3

Table legend:
 A = Spawn XP
 B = Non-spawn XP
 C = Spawn XP percentage of total XP
 D = Spawn monster count
 E = Non-spawn monster count
 F = Spawn count percentage of total count
 G = Total turns spent on level
                    A         B        C        D         E        F      G
               +---------+---------+-------+---------+---------+-------+---------
         Total |       0 |      20 |   0.0 |       0 |       9 |   0.0 |   517
               +---------+---------+-------+---------+---------+-------+---------
           D:1 |       0 |      12 |   0.0 |       0 |       5 |   0.0 |   208
           D:3 |       0 |       8 |   0.0 |       0 |       4 |   0.0 |   281
               +---------+---------+-------+---------+---------+-------+---------
